 Dungeon Crawl Stone Soup version 0.14-a0-226-gcf818b1 (webtiles) character file.

268 Chiseanne the Magician (level 4, -3/30 HPs)
             Began as a Lava Orc Wizard on Oct 11, 2013.
             Killed from afar by an orc wizard (4 damage)
             ... with a puff of flame
             ... on Level 3 of the Dungeon.
             The game lasted 00:17:05 (3209 turns).

Chiseanne the Magician (Lava Orc Wizard)            Turns: 3209, Time: 00:17:05

HP  -3/30        AC  5     Str  9      XL: 4   Next: 70%
MP   2/11        EV 12     Int 19      God:
Gold 152         SH  0     Dex  9      Spells:  4 memorised,  2 levels left

Res.Fire  : + . .   See Invis. : .   t - +2,+1 quarterstaff
Res.Cold  : . . .   Warding    : .   a - +0 orc robe
Life Prot.: . . .   Conserve   : .   (no shield)
Res.Poison: .       Res.Corr.  : +   b - +0 orc wizard hat
Res.Elec. : .       Clarity    : .   w - +0 cloak
Sust.Abil.: . .     Spirit.Shd : .   (no gloves)
Res.Mut.  : .       Stasis     : .   (no boots)
Res.Rott. : .       Flight     : .   p - amulet of resist corrosion
Saprovore : + . .                    (no ring)
                                     (no ring)

@: very slightly contaminated, slightly resistant to hostile enchantments,
unstealthy
A: conserve scrolls, saprovore 1
a: no special abilities


You were on level 3 of the Dungeon.
You were not hungry.

You visited 1 branch of the dungeon, and saw 4 of its levels.

You collected 132 gold pieces.

Inventory:

Hand weapons
 t - a +2,+1 quarterstaff (weapon)
Missiles
 j - 24 darts (quivered)
 l - 15 poisoned needles
 o - 6 curare-tipped needles
Armour
 a - a +0 orcish robe (worn)
 b - a +0 orcish wizard hat (worn)
 w - a +0 cloak (worn)
Comestibles
 d - 2 meat rations
 f - 3 bread rations
 k - a lemon
Scrolls
 g - 4 scrolls of identify
 h - 2 scrolls of curse jewellery {unknown}
 i - a scroll of noise {unknown}
 n - a scroll of enchant armour {unknown}
 q - 3 scrolls of remove curse {unknown}
 r - a scroll of random uselessness {unknown}
 u - a scroll of teleportation {unknown}
 v - 2 scrolls of enchant weapon II {unknown}
Jewellery
 p - an amulet of resist corrosion (around neck)
Books
 c - a book of Minor Magic

   Spells                             Type                      Level
   *Magic Dart                        Conjuration                  1
   *Blink                             Translocation                2
   *Call Imp                          Summoning                    2
   Repel Missiles                     Charms/Air                   2
   Slow                               Hexes                        2
   *Conjure Flame                     Conjuration/Fire             3
   Mephitic Cloud                     Conjuration/Poison/Air       3


   Skills:
 * Level 2.3 Dodging
 - Level 1.5 Stealth
 * Level 3.5 Spellcasting
 - Level 2.2 Conjurations
 - Level 1.0 Summonings
 - Level 0.7 Translocations
 * Level 0.2 Fire Magic


You had 2 spell levels left.
You knew the following spells:

 Your Spells              Type           Power        Failure   Level  Hunger
a - Magic Dart            Conj           ##..         8%          1    None
b - Call Imp              Summ           #.........   17%         2    ##.....
c - Blink                 Tloc           N/A          17%         2    ##.....
d - Conjure Flame         Conj/Fire      #.......     28%         3    ###....


Dungeon Overview and Level Annotations

Branches:
Dungeon (4/27)
 Temple: D:4-7

Altars:
Fedhas


Innate Abilities, Weirdness & Mutations

You have stony skin.
Your flesh is heat resistant.
Your flesh is vulnerable to cold.
Your heat harms attackers.
You bathe your surroundings in blazing heat.
You are too hot to use scrolls.
You are very good at protecting items from fire.
You can tolerate rotten meat.


Message History

As you read the scroll labeled YHORUN ITEOSS, it crumbles to dust.
The scroll dissolves into smoke.
It was a scroll of fog.
Your movements quicken.
The adder closely misses you.
You miss the adder. The adder barely misses you. The adder bites you.
You sock the adder!
The adder is heavily wounded.
The adder barely misses you. It hits you!
* * * LOW HITPOINT WARNING * * *
The adder barely misses you.
Casting: Call Imp
Confirm with . or Enter, or press ? or * to list all spells.
Aiming: Magic Dart
Press: ? - help, Shift-Dir - straight line, f/p - orc
Aim: an orc wearing an orcish scale mail (purple smoke)
The magic dart hits something.
The adder barely misses you.
You hear some strange, mumbled words.
A puff of flame appears from out of thin air!
The puff of flame hits you! You resist.
You die...

#.##.#..#...#...#...#...#.###
#.##.#_...................%##
#.##.#..#...#...#...#...#..##
#.##.#...................>...
#.##.#####################.##
#.##.# #.#####.## #....##
#.........
###...################.###.##
#.....o.§o{@S§.$......# #...
#....########§######..###.##
#.#.## ............%# #.#!#
.######..###.## #.#5# .# #..#
#... ..#.# .# #..# #.## ###o#
.# #..# #.# ########)## .#
#..###.## .......[..# .
#..##...#


You could see an adder and an orc.

Vanquished Creatures
  4 adders
  A giant gecko (D:1)
  3 giant cockroaches
  5 hobgoblins
  A jackal (D:3)
  7 bats
  4 giant newts
  5 goblins
  4 kobolds
  10 rats
44 creatures vanquished.

Vanquished Creatures (collateral kills)
  4 gnolls (D:2)
  A giant mite (D:2)
  4 orcs (D:3)
  A ball python (D:2)
  A bat (D:3)
  A giant cockroach (D:2)
  3 goblins
  3 jackals (D:3)
  A kobold (D:3)
  3 rats (D:2)
22 creatures vanquished.

Vanquished Creatures (others)
  A crimson imp (D:2)
  An iron imp (D:2)
  3 white imps
5 creatures vanquished.

Grand Total: 71 creatures vanquished

Notes
Turn   | Place    | Note
--------------------------------------------------------------
     0 | D:1      | Chiseanne, the Lava Orc Wizard, began the quest for the Orb.
     0 | D:1      | Reached XP level 1. HP: 12/12 MP: 5/5
    34 | D:1      | Chiseanne: never played an lava orc
    34 | D:1      | Onato123: me neither, trying to work out what temperature is
    34 | D:1      | Chiseanne: whats that temperature thing good for? any clue?
    34 | D:1      | Onato123: lol
    34 | D:1      | Chiseanne: :D
    94 | D:1      | Chiseanne: now this is going to be hot
    97 | D:1      | Onato123: :-P agreed
   252 | D:1      | Onato123: u carry on
   252 | D:1      | Onato123: ill google lava orcs
   252 | D:1      | Chiseanne: let me check it on the web ..want to know about heat
   252 | D:1      | Chiseanne: or that hehe
   252 | D:1      | Chiseanne: :D
   398 | D:1      | Reached XP level 2. HP: 18/18 MP: 1/7
   402 | D:1      | Learned a level 2 spell: Call Imp
   405 | D:1      | Learned a level 2 spell: Blink
   706 | D:1      | Onato123: the hotter you get means more fire res, a fire aura which damages enemies and you do more dmg with fire spells
   706 | D:1      | Chiseanne: look at this screen ;-)
   706 | D:1      | Chiseanne: thanks for the information tho
   706 | D:1      | Onato123: you cant read scrolls at maximum temp
   706 | D:1      | Chiseanne: ah..good to know its not totally restricted
   706 | D:1      | Onato123: lolol
   706 | D:1      | Onato123: yeh pretty much what that screen says
   706 | D:1      | Chiseanne: :D
   706 | D:1      | Onato123: seems like a good race
   706 | D:1      | Chiseanne: I would think so too
   764 | D:1      | Chiseanne: nice..I can step on lava
   764 | D:1      | Chiseanne: and get hotter by doing it :D
   839 | D:1      | Onato123: ah cool, thats a nice touch
  1053 | D:2      | Reached skill level 3 in Spellcasting
  1053 | D:2      | Reached XP level 3. HP: 17/24 MP: 0/9
  1404 | D:2      | Onato123: nice escape
  1533 | D:2      | Onato123: thought u were done
  1538 | D:2      | Chiseanne: for a very short moment I was thinking that too hehe
  1538 | D:2      | Onato123: haha
  1572 | D:2      | Chiseanne: imps are very nice to have for a lot of situations
  1780 | D:2      | Reached XP level 4. HP: 26/30 MP: 11/11
  1788 | D:2      | Learned a level 3 spell: Conjure Flame
  2738 | D:3      | Found a blossoming altar of Fedhas.
  3208 | D:3      | HP: 1/30 [something (11)]
  3209 | D:3      | Killed from afar by an orc wizard

Action                   |  1- 3 |  4- 6 || total
-------------------------+-------+-------++-------
Melee: Dagger            |    43 |       ||    43
       Quarterstaff      |       |    28 ||    28
 Cast: Magic Dart        |    56 |    25 ||    81
       Call Imp          |    11 |    15 ||    26
  Use: Potion            |     1 |     5 ||     6
       Scroll            |     2 |     1 ||     3
 Stab: Sleeping          |     1 |       ||     1
